 Dungeon Crawl Stone Soup version 0.31-a0-4-gefa6de2278 (webtiles) character file.

Game seed: 4346819154021027921

506 LobsterGuardian the Trooper (level 7, 0/76 HPs)
             Began as an Ogre Berserker on May 4, 2023.
             Was a Follower of Lugonu.
             Slain by an orc
             ... wielding a +1 war axe of distortion
              (8 damage)
             ... on level 4 of the Dungeon.
             The game lasted 00:08:40 (4217 turns).

LobsterGuardian the Trooper (Ogre Berserker)        Turns: 4217, Time: 00:08:41

Health: 0/76       AC:  3    Str: 24    XL:     7   Next: 18%
Magic:  6/7        EV: 10    Int:  8    God:    Lugonu [*.....]
Gold:   168        SH:  0    Dex:  8    Spells: 6/6 levels left

rFire   . . .        i - +0 spear (flame)
rCold   . . .        (no shield)
rNeg    . . .        b - +0 animal skin
rPois   +            (helmet restricted)
rElec   .            (no cloak)
rCorr   .            (gloves unavailable)
SInv    .            (boots unavailable)
Will    .....        (no amulet)
Stlth   +            d - ring of poison resistance
HPRegen 0.32/turn    (no ring)
MPRegen 0.10/turn

%: no passive effects
@: mighty, about to teleport
A: large, unfitting armour, tough skin 1
a: Renounce Religion, Depart the Abyss


You were on level 4 of the Dungeon.
You worshipped Lugonu.
Lugonu was aware of your devotion.
You visited 1 branch of the dungeon, and saw 5 of its levels.
You visited the Abyss 1 time.

You collected 168 gold pieces.

Inventory:

Hand Weapons
 i - a +0 spear of flaming (weapon)
Armour
 b - a +0 animal skin (worn)
Jewellery
 d - a ring of poison resistance (left hand)
Scrolls
 e - 2 scrolls of fog
 j - a scroll of poison
 k - a scroll of amnesia {unknown}
 p - a scroll of torment {unknown}
 q - a scroll of identify
Potions
 a - a potion of heal wounds {unknown}
 c - 2 potions of attraction
 l - a potion of flight {unknown}
 o - a potion of degeneration {unknown}


   Skills:
 * Level 6.9 Fighting
 + Level 5.6 Polearms
 + Level 4.1 Dodging


You had 6 spell levels left.
You didn't know any spells.
Your spell library was empty.

Dungeon Overview and Level Annotations

Branches:
Dungeon (5/15)
 Temple: D:4-7

Altars:
Hepliaklqana
Makhleb
Okawaru


Innate Abilities, Weirdness & Mutations

You are too large for most types of armour.
You have tough skin. (AC +1)


Message History

A starcursed mass comes into view.
You kneel at the altar of Lugonu.
You have lost your religion!
Trog does not appreciate desertion!
Lugonu welcomes you!
You can now depart the Abyss.
You can now banish your foes.
A starcursed mass splits.
A white imp comes into view.
It was a potion of curing.
You feel better.
A starcursed mass splits. x2
A starcursed mass splits.
A chorus of shrieks assaults your mind.
You pass through the gate.
Welcome back to the Dungeon!
You can no longer banish your foes.
The orc priest calls down the wrath of Beogh upon you.
Beogh smites you! The orc hits you but does no damage.
There is a stone staircase leading down, spattered with blood here.
Unknown command.
As you read the scroll of teleportation, it crumbles to dust.
You feel strangely unstable. The orc hits you but does no damage.
The orc priest hits you with a +0 short sword.
Unknown command.
You barely miss the orc priest.
The orc priest is moderately wounded.
The orc hits you with a +1 war axe of distortion!
* * * LOW HITPOINT WARNING * * *
Space warps around you.
* * * LOW HITPOINT WARNING * * *
The orc priest begins to cast a cantrip, but forgets the words!
It was a potion of might.
You feel very mighty all of a sudden.
The orc hits you with a +1 war axe of distortion.
* * * LOW HITPOINT WARNING * * *
Space warps around you.
* * * LOW HITPOINT WARNING * * *
The orc priest hits you with a +0 short sword.
* * * LOW HITPOINT WARNING * * *
The orc attacks as you move away!
The orc hits you with a +1 war axe of distortion!
You die...

##..##.............##...#.
####...........(.###.....
##.##.)#.........####....
###...##.#..........>####..
#.........#.............#.#
##.....####......#.........
##..###.#.......#..)##.###
#.........o.............##
##......o@.[..............
#...#....................
#####....................
#.(.......#...........
#......####........##.
##.#.### ##....#..####
#.### #.....#### # ###
#..#### ##.#


You could see an orc priest and an orc.

Vanquished Creatures
  Eustachio (D:4)
  An ogre (D:4)
  A phantom (D:4)
  A hound (D:4)
  A sleepcap (D:4)
  4 adders
  3 gnolls (D:4)
  A worm (D:3)
  2 dart slugs
  6 orcs
  8 endoplasms
  4 giant cockroaches
  4 goblins
  9 hobgoblins
  6 jackals (D:1)
  8 kobolds
  3 quokkas
  4 ball pythons
  2 bats
  A frilled lizard (D:1)
  4 rats
  A spectral hobgoblin (D:4)
75 creatures vanquished.

Notes
Turn   | Place    | Note
-------+----------+-------------------------------------------
     0 | D:1      | LobsterGuardian the Ogre Berserker began the quest for the
                  | Orb.
     0 | D:1      | Reached XP level 1. HP: 24/24 MP: 1/1
    82 | D:1      | Reached XP level 2. HP: 32/32 MP: 2/2
   381 | D:1      | Reached XP level 3. HP: 40/40 MP: 3/3
   583 | D:1      | Found a faded altar of an unknown god.
   962 | D:2      | Found a burning altar of Makhleb.
  1190 | D:2      | Reached ** piety under Trog
  1726 | D:3      | Reached XP level 4. HP: 49/49 MP: 4/4
  1791 | D:3      | Reached skill level 5 in Fighting
  2245 | D:4      | Noticed Eustachio
  2418 | D:4      | Noticed a phantom
  2425 | D:4      | Killed a phantom
  2426 | D:4      | Reached XP level 5. HP: 58/58 MP: 5/5
  2717 | D:4      | Noticed an ogre
  2778 | D:4      | Killed Eustachio
  2779 | D:4      | Reached skill level 6 in Fighting
  2779 | D:4      | Reached skill level 5 in Polearms
  2779 | D:4      | Reached XP level 6. HP: 7/68 MP: 6/6
  3009 | D:4      | Found a hazy altar of Hepliaklqana.
  3248 | D:4      | Found an iron altar of Okawaru.
  3471 | D:4      | Reached XP level 7. HP: 76/76 MP: 7/7
  3675 | D:5      | Entered Level 5 of the Dungeon
  4096 | D:5      | Identified the +7 dagger of Wiraig {antimagic, Str+3}
  4149 | Abyss:1  | Found a corrupted altar of Lugonu.
  4149 | Abyss:1  | Cast into level 1 of the Abyss (orc)
  4208 | Abyss:1  | Noticed a starcursed mass
  4209 | Abyss:1  | Fell from the grace of Trog
  4209 | Abyss:1  | Became a worshipper of Lugonu the Unformed
  4209 | Abyss:1  | Reached * piety under Lugonu
  4209 | Abyss:1  | Reached ** piety under Lugonu
  4213 | D:4      | Escaped the Abyss
  4217 | D:4      | Slain by an orc

Illustrated notes

Levels and vault maps discovered:
D:1:      lightli_arrival_isolated_outpost, layout_basic,
          hellmonk_ecumenical_altar_heavens_door
D:2:      layout_loops_cross, basic_altar
D:3:      layout_rooms
D:4:      layout_cave_pools, nicolae_hepliaklqana_monster_ancestors,
          kennysheep_mini_moat, uniq_eustachio
D:5:      cheibrodos_two_vegetables, layout_layer_cave,
          minmay_temple_entry_junction

Skill      XL: |  1  2  3  4  5  6 |
---------------+-------------------+-----
Dodging        | 3 4 |  4.1
Polearms       | 4 5 |  5.6
Fighting       | 5 6 |  6.9

Action                     |  1- 3 |  4- 6 |  7- 9 || total
---------------------------+-------+-------+-------++-------
  Melee: Spear             |   147 |   127 |    24 ||   298
         Punch             |     2 |     3 |       ||     5
 Invoke: Berserk           |     4 |     9 |     2 ||    15
         Trog's Hand       |       |     1 |       ||     1
         Depart the Abyss  |       |       |     1 ||     1
    Use: Scroll            |     3 |     2 |     2 ||     7
         Potion            |       |     2 |     4 ||     6
   Stab: Sleeping          |     2 |     1 |       ||     3
 Armour: Animal skin       |    32 |    39 |     4 ||    75
         Skin              |       |       |     1 ||     1
  Dodge: Dodged            |    40 |    74 |     8 ||   122

Table legend: (Time is in decaauts)
 A = Elapsed time spent in this place.
 B = Non-inter-level travel time spent in this place.
 C = Inter-level travel time spent in this place.
 D = Time resting spent in this place.
 E = Time spent auto-exploring this place.
 F = Levels seen in this place.
 G = Mean time per level.
                   A        B        C        D        E       F      G
               +--------+--------+--------+--------+--------+-----+--------+
         Total |   4295 |   4166 |    129 |    666 |   2949 |   6 |  715.8 |
       Dungeon |   4224 |   4095 |    129 |    603 |   2949 |   5 |  844.8 |
         Abyss |     70 |     70 |      0 |     62 |      0 |   1 |   70.0 |
               +--------+--------+--------+--------+--------+-----+--------+

Top non-repeatable levels by time:
     D:4: 1351 daAuts
     D:1: 980 daAuts
     D:3: 730 daAuts
     D:2: 683 daAuts
     D:5: 478 daAuts
 Abyss:1: 70 daAuts
